| TOP OF THE 1ST |
|
Caldwell Claws batting - Pitching for Williston Water Wolves : LHP Jackie Smith
|
|
Pitching: LHP Jackie Smith
|
|
|
Batting: LHB Robert Kraft
|
0-0: Called Strike 0-1: Foul Ball, location: 2F 0-2: Ball 1-2: Ball 2-2: Foul Ball, location: 2F 2-2: Ball 3-2: Foul Ball, location: 2F 3-2: Foul Ball, location: 2F 3-2: Fly out, F7 (Flyball, 78S)
|
|
Batting: LHB Rance Mulliniks
|
0-0: SINGLE (Flyball, 89S)
|
|
Batting: LHB Jose Perales
|
0-0: Ball 1-0: Called Strike 1-1: Ball 2-1: Ball 3-1: Foul Ball, location: 2F 3-2: Fly out, F6 (Popup, 6M)
|
|
Batting: LHB Broderick Perkins
|
0-0: Ball Rance Mulliniks is caught stealing 2nd base 2-6
|
| Top of the 1st over - 0 runs, 1 hit, 0 errors, 0 left on base; Caldwell 0 - Williston 0 |
| BOTTOM OF THE 1ST |
|
Williston Water Wolves batting - Pitching for Caldwell Claws : LHP John Miller
|
|
Pitching: LHP John Miller
|
|
|
Batting: RHB Randall Thomas
|
0-0: Called Strike 0-1: Foul Ball, location: 2F 0-2: Fly out, F3 (Popup, 3S)
|
|
Batting: LHB John Skorochocki
|
0-0: SINGLE (Groundball, 4MD)
|
|
Batting: RHB Daniel Morales
|
0-0: Fielders Choice at 2nd, 3-6 (Groundball, 34)
|
|
Batting: RHB James Christensen
|
0-0: Called Strike 0-1: Fly out, F4 (Popup, 4S)
|
| Bottom of the 1st over - 0 runs, 1 hit, 0 errors, 1 left on base; Caldwell 0 - Williston 0 |
| TOP OF THE 2ND |
|
Caldwell Claws batting - Pitching for Williston Water Wolves : LHP Jackie Smith
|
|
Batting: LHB Broderick Perkins
|
0-0: Ball 1-0: Ball 2-0: Called Strike 2-1: Ball 3-1: Swinging Strike 3-2: Strikes out swinging
|
|
Batting: RHB Steve M Davis
|
0-0: Fly out, F8 (Flyball, 8RXD)
|
|
Batting: RHB Mark Unsoeld
|
0-0: Called Strike 0-1: Foul Ball, location: 2F 0-2: Ball 1-2: Ball 2-2: Ground out 6-3 (Groundball, 6)
|
| Top of the 2nd over - 0 runs, 0 hits, 0 errors, 0 left on base; Caldwell 0 - Williston 0 |
| BOTTOM OF THE 2ND |
|
Williston Water Wolves batting - Pitching for Caldwell Claws : LHP John Miller
|
|
Batting: RHB Richard Buckner
|
0-0: Ball 1-0: Reached on error, E5 (Groundball, 56)
|
|
Batting: RHB Dick Combs
|
0-0: Ball 1-0: Ball 2-0: Ball 3-0: Base on Balls Richard Buckner to second
|
|
Batting: LHB Jesus Sandoval
|
0-0: Ball 1-0: Fly out, F8 (Flyball, 8LM)
|
|
Batting: RHB Juan Alvarez
|
0-0: Foul Ball, location: 2F 0-1: Fly out, F7 (Flyball, 7)
|
|
Batting: LHB Armando Ortiz
|
0-0: Ball 1-0: Foul Ball, location: 2F 1-1: Ball 2-1: Fly out, F9 (Flyball, 9LDF)
|
| Bottom of the 2nd over - 0 runs, 0 hits, 1 error, 2 left on base; Caldwell 0 - Williston 0 |
| TOP OF THE 3RD |
|
Caldwell Claws batting - Pitching for Williston Water Wolves : LHP Jackie Smith
|
|
Batting: RHB William Bitter
|
0-0: Called Strike 0-1: Called Strike 0-2: Ball 1-2: Ball 2-2: Foul Ball, location: 2F 2-2: Ball 3-2: Ground out 4-3 (Groundball, 34)
|
|
Batting: LHB Patrick McNally
|
0-0: Ball 1-0: Foul Ball, location: 2F 1-1: Ball 2-1: Ball 3-1: Base on Balls
|
|
Batting: RHB Greg Biagini
|
0-0: Ball 1-0: Called Strike 1-1: Foul Ball, location: 2F 1-2: Strikes out swinging
|
|
Batting: LHB Robert Kraft
|
0-0: Foul Ball, location: 2F 0-1: Ball 1-1: Foul Ball, location: 2F 1-2: Ball 2-2: DOUBLE (Line Drive, 8LXD) Patrick McNally to third Runner from 3rd tries for Home, SAFE, throw by CF to home
|
|
Batting: LHB Rance Mulliniks
|
0-0: Called Strike 0-1: Ball 1-1: Ball 2-1: Foul Ball, location: 2F 2-2: Strikes out swinging
|
| Top of the 3rd over - 1 run, 1 hit, 0 errors, 1 left on base; Caldwell 1 - Williston 0 |
| BOTTOM OF THE 3RD |
|
Williston Water Wolves batting - Pitching for Caldwell Claws : LHP John Miller
|
|
Batting: RHB Randall Thomas
|
0-0: Fly out, F9 (Flyball, 89M)
|
|
Batting: LHB John Skorochocki
|
0-0: Called Strike 0-1: Ball 1-1: Fly out, F8 (Flyball, 8RS)
|
|
Batting: RHB Daniel Morales
|
0-0: Ball 1-0: Ball 2-0: SINGLE (Line Drive, 9LS)
|
|
Batting: RHB James Christensen
|
0-0: Fly out, F9 (Flyball, 9)
|
| Bottom of the 3rd over - 0 runs, 1 hit, 0 errors, 1 left on base; Caldwell 1 - Williston 0 |
| TOP OF THE 4TH |
|
Caldwell Claws batting - Pitching for Williston Water Wolves : LHP Jackie Smith
|
|
Batting: LHB Jose Perales
|
0-0: Foul Ball, location: 2F 0-1: Fly out, F9 (Flyball, 89D)
|
|
Batting: LHB Broderick Perkins
|
0-0: Foul Ball, location: 2F 0-1: Ball 1-1: Foul Ball, location: 2F 1-2: Strikes out swinging
|
|
Batting: RHB Steve M Davis
|
0-0: Ball 1-0: Called Strike 1-1: Ball 2-1: Ball 3-1: Foul Ball, location: 2F 3-2: SINGLE (Groundball, 56D)
|
|
Batting: RHB Mark Unsoeld
|
0-0: Called Strike Steve M Davis steals 2nd base 0-1: Ball 1-1: Ball 2-1: Foul Ball, location: 2F 2-2: Strikes out swinging
|
| Top of the 4th over - 0 runs, 1 hit, 0 errors, 1 left on base; Caldwell 1 - Williston 0 |
| BOTTOM OF THE 4TH |
|
Williston Water Wolves batting - Pitching for Caldwell Claws : LHP John Miller
|
|
Batting: RHB Richard Buckner
|
0-0: Called Strike 0-1: Ground out 4-3 (Groundball, 4)
|
|
Batting: RHB Dick Combs
|
0-0: Ball 1-0: Fly out, F8 (Flyball, 8RM)
|
|
Batting: LHB Jesus Sandoval
|
0-0: Foul Ball, location: 2F 0-1: Foul Ball, location: 2F 0-2: Ball 1-2: Foul Ball, location: 2F 1-2: Foul Ball, location: 2F 1-2: Ball 2-2: DOUBLE (Line Drive, 3D)
|
|
Batting: RHB Juan Alvarez
|
0-0: Called Strike 0-1: Ball 1-1: Swinging Strike 1-2: Ball 2-2: Strikes out swinging
|
| Bottom of the 4th over - 0 runs, 1 hit, 0 errors, 1 left on base; Caldwell 1 - Williston 0 |
| TOP OF THE 5TH |
|
Caldwell Claws batting - Pitching for Williston Water Wolves : LHP Jackie Smith
|
|
Batting: RHB William Bitter
|
0-0: Called Strike 0-1: Called Strike 0-2: Strikes out looking
|
|
Batting: LHB Patrick McNally
|
0-0: Called Strike 0-1: Called Strike 0-2: Strikes out swinging
|
|
Batting: RHB Greg Biagini
|
0-0: Ball 1-0: SINGLE (Flyball, 8LS)
|
|
Batting: LHB Robert Kraft
|
0-0: Called Strike 0-1: Ball 1-1: Ball 2-1: Swinging Strike 2-2: Ball 3-2: Foul Ball, location: 2F 3-2: Base on Balls Greg Biagini to second
|
|
Batting: LHB Rance Mulliniks
|
0-0: Ball 1-0: Called Strike 1-1: Foul Ball, location: 2F 1-2: Foul Ball, location: 2F 1-2: Ball 2-2: Ball 3-2: Base on Balls Greg Biagini to third Robert Kraft to second
|
|
Batting: LHB Jose Perales
|
0-0: Ball 1-0: Ball 2-0: Ball 3-0: Called Strike 3-1: Called Strike 3-2: Ground out 5-3 (Groundball, 5)
|
| Top of the 5th over - 0 runs, 1 hit, 0 errors, 3 left on base; Caldwell 1 - Williston 0 |
| BOTTOM OF THE 5TH |
|
Williston Water Wolves batting - Pitching for Caldwell Claws : LHP John Miller
|
|
Batting: LHB Armando Ortiz
|
0-0: Fly out, F7 (Line Drive, 7)
|
|
Batting: RHB Randall Thomas
|
0-0: Foul Ball, location: 2F 0-1: Fly out, F9 (Flyball, 89M)
|
|
Batting: LHB John Skorochocki
|
0-0: Called Strike 0-1: Ball 1-1: Fly out, F9 (Flyball, 9LS)
|
| Bottom of the 5th over - 0 runs, 0 hits, 0 errors, 0 left on base; Caldwell 1 - Williston 0 |
| TOP OF THE 6TH |
|
Caldwell Claws batting - Pitching for Williston Water Wolves : LHP Jackie Smith
|
|
Batting: LHB Broderick Perkins
|
0-0: Ball 1-0: Foul Ball, location: 2F 1-1: Ball 2-1: Swinging Strike 2-2: Fly out, F8 (Flyball, 8LD)
|
|
Batting: RHB Steve M Davis
|
0-0: Swinging Strike 0-1: Ball 1-1: Ball 2-1: Fly out, F8 (Flyball, 8LD)
|
|
Batting: RHB Mark Unsoeld
|
0-0: TRIPLE (Flyball, 89XD)
|
|
Batting: RHB William Bitter
|
0-0: Ball 1-0: Foul Ball, location: 2F 1-1: Fly out, F8 (Line Drive, 8RD)
|
| Top of the 6th over - 0 runs, 1 hit, 0 errors, 1 left on base; Caldwell 1 - Williston 0 |
| BOTTOM OF THE 6TH |
|
Williston Water Wolves batting - Pitching for Caldwell Claws : LHP John Miller
|
|
Batting: RHB Daniel Morales
|
0-0: Ball 1-0: Fly out, F8 (Flyball, 8RD)
|
|
Batting: RHB James Christensen
|
0-0: Called Strike 0-1: Ball 1-1: Ground out 4-3 (Groundball, 4S)
|
|
Batting: RHB Richard Buckner
|
0-0: Fly out, F8 (Flyball, 8RM)
|
| Bottom of the 6th over - 0 runs, 0 hits, 0 errors, 0 left on base; Caldwell 1 - Williston 0 |
| TOP OF THE 7TH |
|
Caldwell Claws batting - Pitching for Williston Water Wolves : LHP Jackie Smith
|
|
Batting: LHB Patrick McNally
|
0-0: Called Strike 0-1: Ball 1-1: Called Strike 1-2: Foul Ball, location: 2F 1-2: Foul Ball, location: 2F 1-2: Ground out 5-3 (Groundball, 56)
|
|
Batting: RHB Greg Biagini
|
0-0: Called Strike 0-1: Ball 1-1: Swinging Strike 1-2: Strikes out looking
|
|
Batting: LHB Robert Kraft
|
0-0: Called Strike 0-1: Foul Ball, location: 2F 0-2: Ball 1-2: Ball 2-2: Foul Ball, location: 2F 2-2: Ball 3-2: SINGLE (Groundball, 4MD)
|
|
Batting: LHB Rance Mulliniks
|
0-0: Ball 1-0: Ball 2-0: Foul Ball, location: 2F 2-1: SINGLE (Groundball, 34D) Robert Kraft to second Runner from 2nd tries for 3rd, SAFE, no throw by RF
|
|
Batting: LHB Jose Perales
|
0-0: Foul Ball, location: 2F 0-1: Ball 1-1: Foul Ball, location: 2F 1-2: Strikes out looking
|
| Top of the 7th over - 0 runs, 2 hits, 0 errors, 2 left on base; Caldwell 1 - Williston 0 |
| BOTTOM OF THE 7TH |
|
Williston Water Wolves batting - Pitching for Caldwell Claws : LHP John Miller
|
|
Batting: RHB Dick Combs
|
0-0: Called Strike 0-1: SINGLE (Groundball, 56D)
|
|
Pinch Hitting: RHB Michael Wardlow
|
0-0: Ball 1-0: Ball 2-0: DOUBLE (Flyball, 8LXD) Dick Combs to third
|
|
Pinch Hitting: RHB Wynn Sherman
|
0-0: Ball 1-0: Ball 2-0: Called Strike 2-1: Foul Ball, location: 2F 2-2: Ball 3-2: Base on Balls
|
|
Pinch Hitting: RHB Allen Leech
|
0-0: Called Strike 0-1: Ball 1-1: Fly out, F7 (Flyball, 78M)
|
|
Batting: RHB Randall Thomas
|
0-0: Called Strike 0-1: Ball 1-1: SINGLE (Flyball, 7S) Dick Combs scores Michael Wardlow to third Wynn Sherman to second Runner from 3rd tries for Home, SAFE, no throw by LF
|
|
Batting: LHB John Skorochocki
|
0-0: Ball 1-0: Called Strike 1-1: Foul Ball, location: 2F 1-2: Fly out, F5 (Popup, 5F)
|
|
Batting: RHB Daniel Morales
|
0-0: Ball 1-0: Ball 2-0: Foul Ball, location: 2F 2-1: SINGLE (Groundball, 56D) Wynn Sherman to third Randall Thomas to second Runner from 3rd tries for Home, SAFE, no throw by LF
|
|
Batting: RHB James Christensen
|
0-0: Foul Ball, location: 2F 0-1: Ball 1-1: Ball 2-1: Ball 3-1: Base on Balls Randall Thomas to third Daniel Morales to second
|
|
Batting: RHB Richard Buckner
|
0-0: Called Strike 0-1: Fly out, F4 (Popup, 4)
|
| Bottom of the 7th over - 3 runs, 4 hits, 0 errors, 3 left on base; Caldwell 1 - Williston 3 |
| TOP OF THE 8TH |
|
Caldwell Claws batting - Pitching for Williston Water Wolves : LHP Jackie Smith
|
|
Now at 1B: Chip Maxwell
|
|
|
Now at 3B: Michael Wardlow
|
|
|
Now at SS: Carlos Velez
|
|
|
Now in CF: Ronald Mercier
|
|
|
Batting: LHB Broderick Perkins
|
0-0: Ball 1-0: Ball 2-0: Ball 3-0: Base on Balls
|
|
Batting: RHB Steve M Davis
|
0-0: Ball 1-0: Ball 2-0: Foul Ball, location: 2F 2-1: SINGLE (Line Drive, 8RS) Broderick Perkins to second
|
|
Batting: RHB Mark Unsoeld
|
0-0: Ball 1-0: Ball 2-0: Foul Ball, location: 2F 2-1: DOUBLE (Line Drive, 3D) Broderick Perkins scores Steve M Davis to third
|
|
Batting: RHB William Bitter
|
0-0: Foul Ball, location: 2F 0-1: Ball 1-1: Called Strike 1-2: Strikes out looking
|
|
Pinch Hitting: SHB Robert Glass
|
0-0: Fly out, F9 (Flyball, 9LMF) Runner from 3rd tags up, SCORES, no throw by RF
|
|
Batting: RHB Greg Biagini
|
0-0: Called Strike 0-1: Ball 1-1: Foul Ball, location: 2F 1-2: Fly out, F8 (Flyball, 8LM)
|
| Top of the 8th over - 2 runs, 2 hits, 0 errors, 1 left on base; Caldwell 3 - Williston 3 |
| BOTTOM OF THE 8TH |
|
Williston Water Wolves batting - Pitching for Caldwell Claws : LHP John Miller
|
|
Pitching: LHP Rafael Acevedo
|
|
|
Now at 3B: Robert Glass
|
|
|
Batting: RHB Dick Combs
|
0-0: Ball 1-0: Called Strike 1-1: Ball 2-1: Ball 3-1: Foul Ball, location: 2F 3-2: Fly out, F9 (Flyball, 9S)
|
|
Batting: RHB Michael Wardlow
|
0-0: Ball 1-0: Fly out, F8 (Line Drive, 8LD)
|
|
Batting: LHB Chip Maxwell
|
0-0: Ball 1-0: Foul Ball, location: 2F 1-1: Fly out, F8 (Line Drive, 8LD)
|
| Bottom of the 8th over - 0 runs, 0 hits, 0 errors, 0 left on base; Caldwell 3 - Williston 3 |
| TOP OF THE 9TH |
|
Caldwell Claws batting - Pitching for Williston Water Wolves : LHP Jackie Smith
|
|
Batting: LHB Robert Kraft
|
0-0: Called Strike 0-1: Foul Ball, location: 2F 0-2: Ball 1-2: Foul Ball, location: 2F 1-2: Ground out 6-3 (Groundball, 6)
|
|
Batting: LHB Rance Mulliniks
|
0-0: Foul Ball, location: 2F 0-1: Ball 1-1: Ball 2-1: Ball 3-1: Base on Balls
|
|
Batting: LHB Jose Perales
|
0-0: Ball 1-0: Ball 2-0: Fly out, F8 (Flyball, 89D)
|
|
Batting: LHB Broderick Perkins
|
0-0: Ball 1-0: Called Strike 1-1: Fly out, F9 (Flyball, 9)
|
| Top of the 9th over - 0 runs, 0 hits, 0 errors, 1 left on base; Caldwell 3 - Williston 3 |
| BOTTOM OF THE 9TH |
|
Williston Water Wolves batting - Pitching for Caldwell Claws : LHP Rafael Acevedo
|
|
Batting: RHB Ronald Mercier
|
0-0: Swinging Strike 0-1: Foul Ball, location: 2F 0-2: Strikes out swinging
|
|
Batting: RHB Randall Thomas
|
0-0: Ball 1-0: Ball 2-0: Ball 3-0: Called Strike 3-1: Base on Balls
|
|
Batting: RHB Carlos Velez
|
0-0: Ball 1-0: Fly out, F8 (Flyball, 8LD) Runner from 1st tags up, SAFE at 2nd
|
|
Batting: RHB Daniel Morales
|
0-0: Foul Ball, location: 2F 0-1: Foul Ball, location: 2F 0-2: Ball 1-2: Foul Ball, location: 2F 1-2: Fly out, F8 (Line Drive, 8RM)
|
| Bottom of the 9th over - 0 runs, 0 hits, 0 errors, 1 left on base; Caldwell 3 - Williston 3 |
| TOP OF THE 10TH |
|
Caldwell Claws batting - Pitching for Williston Water Wolves : LHP Jackie Smith
|
|
Batting: RHB Steve M Davis
|
0-0: Ball 1-0: Ball 2-0: Called Strike 2-1: Ball 3-1: Foul Ball, location: 2F 3-2: Fly out, F8 (Flyball, 8LM)
|
|
Batting: RHB Mark Unsoeld
|
0-0: Ball 1-0: Swinging Strike 1-1: Called Strike 1-2: Foul Ball, location: 2F 1-2: Ball 2-2: Ball 3-2: Foul Ball, location: 2F 3-2: Foul Ball, location: 2F 3-2: Foul Ball, location: 2F 3-2: Ground out 2-3 (Groundball, 2R)
|
|
Batting: RHB William Bitter
|
0-0: Foul Ball, location: 2F 0-1: Ball 1-1: Ball 2-1: Ball 3-1: Foul Ball, location: 2F 3-2: Base on Balls
|
|
Batting: SHB Robert Glass
|
0-0: Called Strike 0-1: Ball 1-1: Ball 2-1: Ball 3-1: Base on Balls William Bitter to second
|
|
Batting: RHB Greg Biagini
|
0-0: Fly out, F9 (Flyball, 9D)
|
| Top of the 10th over - 0 runs, 0 hits, 0 errors, 2 left on base; Caldwell 3 - Williston 3 |
|
Thursday, January 24th, 2019 - OOTP Baseball 19.13 Build 132
|
|